 Dungeon Crawl Stone Soup version 0.23.2 (webtiles) character file.

Game seed: 4518703690021388800

90 Borgoz the Covered (level 4, 0/31 HPs)
             Began as a Halfling Fighter on Apr 5, 2019.
             Slain by a jackal (2 damage)
             ... on level 3 of the Dungeon.
             The game lasted 00:02:51 (1688 turns).

Borgoz the Covered (Halfling Fighter)               Turns: 1688, Time: 00:02:51

Health: 0/31       AC:  7    Str: 17    XL:     4   Next: 85%
Magic:  4/4        EV: 12    Int:  6    God:
Gold:   96         SH:  0    Dex: 14    Spells: 3/3 levels left

rFire    . . .     SeeInvis .   o - +0 dagger (venom)
rCold    . . .     Gourm    .   (shield restricted)
rNeg     . . .     Faith    .   b - +0 scale mail
rPois    .         Spirit   .   (no helmet)
rElec    .         Reflect  .   (no cloak)
rCorr    .         Harm     .   (no gloves)
MR       .....                  (no boots)
Stlth    +.........             (no amulet)
HPRegen  0.10/turn              (no ring)
MPRegen  0.09/turn              (no ring)

@: no status effects
A: small, mutation resistance 1
a: no special abilities


You were on level 3 of the Dungeon.
You were not hungry.

You visited 1 branch of the dungeon, and saw 3 of its levels.

You collected 96 gold pieces.

Inventory:

Hand Weapons
 a - a +0 rapier
 o - a +0 dagger of venom (weapon)
Armour
 b - a +0 scale mail (worn)
 c - a +0 shield
Jewellery
 s - an uncursed ring of ice {unknown}
Scrolls
 e - a scroll of teleportation {unknown}
 h - 2 scrolls of blinking {unknown}
 l - a scroll of enchant armour {unknown}
 m - a scroll of fog {unknown}
 n - 3 scrolls of identify {unknown}
Potions
 d - a potion of might
 g - a potion of invisibility {unknown}
 i - 2 potions of curing {unknown}
 j - a potion of degeneration {unknown}
 k - a potion of heal wounds {unknown}
 q - a potion of agility {unknown}
 r - a potion of cancellation {unknown}
Comestibles
 f - 2 rations
 p - 2 chunks of flesh


   Skills:
 + Level 3.1 Fighting
 + Level 3.2 Short Blades
 + Level 3.9 Armour
 + Level 1.6 Dodging
 + Level 2.0 Stealth
 - Level 3.2 Shields


You had 3 spell levels left.
You didn't know any spells.
Your spell library was empty.

Dungeon Overview and Level Annotations

Branches:
Dungeon (3/15)

Altars:


Innate Abilities, Weirdness & Mutations

You are small and have problems with some larger weapons.
You are somewhat resistant to further mutation.


Message History

* * * LOW HITPOINT WARNING * * *
The jackal closely misses you. The bat completely misses you.
The jackal stops to sniff the ground.
The bat barely misses you. The jackal barely misses you.
The bat hits you but does no damage.
You barely miss the bat. The bat misses you.
You closely miss the bat. The bat closely misses you.
You hit the bat but do no damage. The bat misses you.
You hit the bat.
The bat is poisoned.
The bat is moderately wounded.
The bat barely misses you.
You closely miss the bat.
The bat is heavily wounded.
The bat closely misses you. The bat hits you but does no damage.
You closely miss the bat.
The bat is severely wounded.
You kill the bat!
You completely miss the jackal. The jackal closely misses you.
The jackal bites you.
You die...

# #. #.####+#######
#.......ghh@.#
###........h##.#
........<....# .#
..............# ..
..........†........
≈≈≈....≈≈≈≈≈≈≈≈≈≈≈≈≈
≈≈≈....≈≈≈≈≈≈≈≈≈≈≈≈≈≈
≈≈≈....≈≈≈≈≈≈≈≈≈≈≈≈###
................


You could see a gnoll and 3 jackals.

Vanquished Creatures
  A gnoll (D:3)
  3 adders (D:2)
  A dart slug (D:2)
  A leopard gecko (D:2)
  A ball python (D:2)
  2 giant cockroaches (D:2)
  3 goblins
  7 hobgoblins
  5 jackals
  6 bats
  3 frilled lizards
  9 kobolds
  7 rats
49 creatures vanquished.

Notes
Turn   | Place    | Note
-------+----------+-------------------------------------------
     0 | D:1      | Borgoz the Halfling Fighter began the quest for the Orb.
     0 | D:1      | Reached XP level 1. HP: 15/15 MP: 1/1
    89 | D:1      | Reached XP level 2. HP: 18/20 MP: 2/2
   453 | D:1      | Reached skill level 1 in Stealth
   665 | D:1      | Reached XP level 3. HP: 25/25 MP: 3/3
   705 | D:1      | Reached skill level 1 in Dodging
  1128 | D:2      | Reached XP level 4. HP: 30/31 MP: 4/4
  1678 | D:3      | HP: 1/31 [bat (1)]
  1688 | D:3      | Slain by a jackal

Skill      XL: |  1  2  3  4 |
---------------+-------------+-----
Stealth        | 1 2 |  2.0
Dodging        | 1 |  1.6
Fighting       | 3 |  3.1
Short Blades   | 3 |  3.2
Armour         | |  3.9
Shields        | |  3.2

Action                   |  1- 3 |  4- 6 || total
-------------------------+-------+-------++-------
Melee: Rapier            |    75 |       ||    75
       Dagger            |    34 |    62 ||    96
  Eat: Chunk             |     1 |     2 ||     3
Armor: Scale mail        |    46 |    61 ||   107
Dodge: Dodged            |    65 |    79 ||   144
